 Dungeon Crawl Stone Soup version 0.23.2-1-ga50397a6bc (webtiles) character file.

Game seed: 73883928201451264

217 KamiKatze the Chopper (level 5, -1/34 HPs)
             Began as a Gargoyle Berserker on May 29, 2019.
             Was a Believer of Trog.
             Slain by a mummy (9 damage)
             ... in an ossuary.
             The game lasted 00:12:07 (2878 turns).

KamiKatze the Chopper (Gargoyle Berserker)          Turns: 2878, Time: 00:12:07

Health: -1/34      AC: 13    Str: 22    XL:     5   Next: 94%
Magic:  5/5        EV:  8    Int:  7    God:    Trog [**....]
Gold:   163        SH:  0    Dex:  9    Spells: 4/4 levels left

rFire    . . .     SeeInvis .   a - +0 hand axe
rCold    . . .     Gourm    .   (no shield)
rNeg     + . .     Faith    .   q - +0 chain mail
rPois    ∞         Spirit   .   (no helmet)
rElec    +         Reflect  .   t - +0 cloak
rCorr    .         Harm     .   (no gloves)
MR       .....                  (no boots)
Stlth    ..........             (no amulet)
HPRegen  0.11/turn              m - ring of flight
MPRegen  0.09/turn              (no ring)

@: no status effects
A: negative energy resistance 1, electricity resistance, unbreathing,
petrification resistance, rot immunity, AC +4
a: Berserk, Trog's Hand, Renounce Religion, Evoke Flight


You were in an ossuary.
You worshipped Trog.
Trog was pleased with you.
You were not hungry.

You visited 1 branch of the dungeon, and saw 4 of its levels.
You also visited: Ossuary.

You collected 163 gold pieces.

Inventory:

Hand Weapons
 a - a +0 hand axe (weapon)
 b - a +0 hunting sling
Missiles
 h - 19 poisoned needles
 k - 65 stones (quivered)
 u - 31 sling bullets
Armour
 e - a +0 ring mail
 q - a +0 chain mail (worn)
 t - a +0 cloak (worn)
Jewellery
 m - a ring of flight (left hand)
Scrolls
 d - a scroll of teleportation
 i - a scroll of random uselessness {unknown}
 p - 2 scrolls of remove curse
Potions
 f - a potion of berserk rage {unknown}
 g - a potion of ambrosia {unknown}
 j - a potion of brilliance {unknown}
 l - a potion of magic {unknown}
 n - a potion of heal wounds {unknown}
 o - a potion of mutation {unknown}
 r - a potion of might {unknown}
 s - 2 potions of agility {unknown}
Comestibles
 c - a ration


   Skills:
 + Level 4.8 Fighting
 * Level 5.0 Axes
 - Level 2.1 Armour
 - Level 1.5 Dodging


You had 4 spell levels left.
You didn't know any spells.
Your spell library was empty.

Dungeon Overview and Level Annotations

Branches:
Dungeon (6/15)
 Temple: D:4-7

Altars:
Vehumet


Innate Abilities, Weirdness & Mutations

You are resistant to torment.
Your stone body is resilient. (AC +4)
You are immune to poison.
You resist negative energy. (rN+)
You are resistant to electric shocks. (rElec)
You can survive without breathing.
You are immune to petrification.
You are immune to rotting.


Message History

You hit the mummy.
The mummy is moderately damaged.
The mummy hits you.
You barely miss the mummy.
The mummy is moderately damaged.
You slash the mummy!
The mummy is severely damaged.
The mummy barely misses you.
You hit the mummy.
The mummy is severely damaged.
You closely miss the mummy.
The mummy is severely damaged.
The mummy hits you!
* * * LOW HITPOINT WARNING * * *
You are too injured to fight recklessly!
You are too injured to fight recklessly!
You barely miss the mummy.
The mummy is severely damaged.
The mummy hits you!
You die...

##.## .?.+
##..# ??#
##..## ##
#..## #+#
#'## #.#
#.## ?^#
#..#####.#
##..##.#M#
##..#'#@##
##^##...#
#..'...+
####...#
##+##


You could see a mummy.

Vanquished Creatures
  Jessica (D:2)
  9 mummies (Ossuary)
  2 adders (D:2)
  A dart slug (D:2)
  A leopard gecko (D:2)
  3 orcs (D:3)
  7 bats
  3 giant cockroaches
  4 goblins
  A hobgoblin (D:1)
  3 jackals (D:2)
  10 kobolds
  A quokka (D:2)
  A ball python (D:3)
  6 frilled lizards
  2 gnoll skeletons (Ossuary)
  A goblin skeleton (Ossuary)
  A kobold skeleton (Ossuary)
  2 orc skeletons (Ossuary)
  5 rats
  8 rat skeletons (Ossuary)
72 creatures vanquished.

Vanquished Creatures (others)
  A rat skeleton (Ossuary)
1 creature vanquished.

Grand Total: 73 creatures vanquished

Notes
Turn   | Place    | Note
-------+----------+-------------------------------------------
     0 | D:1      | KamiKatze the Gargoyle Berserker began the quest for the
                  | Orb.
     0 | D:1      | Reached XP level 1. HP: 14/14 MP: 1/1
   425 | D:1      | Reached skill level 3 in Axes
   425 | D:1      | Reached XP level 2. HP: 16/19 MP: 2/2
   938 | D:2      | Noticed Jessica
   943 | D:2      | Reached ** piety under Trog
   944 | D:2      | Killed Jessica
   944 | D:2      | Reached XP level 3. HP: 20/24 MP: 3/3
  1124 | D:2      | Reached XP level 4. HP: 17/29 MP: 4/4
  1339 | D:2      | Reached skill level 4 in Axes
  1432 | D:2      | Found a radiant altar of Vehumet.
  1782 | D:3      | You fall through a shaft for 3 floors!
  1782 | D:6      | Noticed a centaur
  1786 | D:6      | Noticed a phantom
  1816 | D:6      | Found a sand-covered staircase.
  1828 | Ossuary  | Entered an ossuary
  1924 | Ossuary  | Reached XP level 5. HP: 23/34 MP: 5/5
  2851 | Ossuary  | Reached skill level 5 in Axes
  2878 | Ossuary  | Slain by a mummy

Skill      XL: |  1  2  3  4  5 |
---------------+----------------+-----
Axes           | 3 4 5 |  5.0
Fighting       | 4 |  4.8
Armour         | |  2.1
Dodging        | |  1.5

Action                   |  1- 3 |  4- 6 || total
-------------------------+-------+-------++-------
Melee: Hand axe          |    80 |   194 ||   274
Throw: Stone             |       |    35 ||    35
       Tomahawk          |       |     1 ||     1
Invok: Berserk           |     1 |     5 ||     6
       Trog's Hand       |       |     1 ||     1
  Use: Scroll            |       |     4 ||     4
  Eat: Chunk             |     2 |     5 ||     7
       Ration            |       |     2 ||     2
Armor: Animal skin       |     2 |       ||     2
       Ring mail         |    39 |    65 ||   104
       Chain mail        |       |     1 ||     1
Dodge: Dodged            |    64 |    90 ||   154
